[Event "26th Hit Open-A 2022"]
[Site "Nova Gorica"]
[Date "2022.09.20"]
[Round "7.25"]
[White "Saypuri Srithan"]
[Black "Zlatanovic, Marcus"]
[Result "1-0"]
[ECO "B27"]
[WhiteElo "2199"]
[BlackElo "1636"]
[Annotator "TA"]
[PlyCount "77"]
[EventDate "2022.09.16"]
[EventType "swiss"]
[EventCountry "SLO"]
[SourceTitle "playchess.com"]
[Source "ChessBase"]
[SourceQuality "1"]
[TimeControl "5400+30"]

1. e4 c5 2. Nf3 g6 3. d4 cxd4 4. Qxd4 Nf6 5. Nc3 Nc6 6. Qa4 d6 7. e5 dxe5 8. Nxe5 Bd7 {[%emt 0:00:47] B27: Sicilian: 2 Nf3, unusual Black 2nd moves.} 9. Nxd7 Nxd7 10. Bb5 Qc8 {[%emt 0:00:52] The position is equal.} 11. O-O Bg7 12. Nd5 {[%emt 0:03:23] [#] Hoping for Re1.} (12. Re1 $5 ) 12... e6 $146 ({Predecessor:} 12... a6 13. Bxc6 bxc6 14. Nb4 Nc5 15. Qxc6+ Qxc6 16. Nxc6 Rc8 17. Nb4 e6 18. c3 a5 19. Nc2 O-O 20. Rb1 {½-½ (20) Dedebas,E (2355)-Cirovic,M (2229) Djenovici 2019}) 13. Nb4 (13. Re1 $14) 13... Nxb4 $2 (13... Nd4 $11) 14. Qxb4 $16 a6 15. Bxd7+ ({White should play} 15. Bg5 $16 f6 16. Rae1) 15... Qxd7 $11 16. Bg5 f6 17. Be3 Rc8 (17... a5 $11 18. Qc5 Qc8) 18. Rad1 $36 {[%emt 0:04:08][%mdl 2048] Black is under strong pressure.} Qe7 {[%emt 0:01:18] [#]} 19. Qa4+ Rc6 20. b4 {[%emt 0:03:53] White is much more active. The black rooks are badly placed.} Kf7 21. c4 {[%emt 0:08:44] Inhibits b5.} Rd8 (21... Rxc4 $2 22. Rd7 Rd8 23. Rxe7+ $18) 22. c5 Rc7 23. Bf4 e5 {[%emt 0:01:19] Black is on the road to losing.} (23... Rcd7 $11 {remains equal.}) 24. Qb3+ $16 Kf8 (24... Ke8 $16) 25. Be3 ({White should try} 25. Rxd8+ $18 Qxd8 26. Be3) 25... Rxd1 (25... Re8 $16 {was called for.}) 26. Rxd1 $18 {[%emt 0:00:04][%cal Oc5c6] And now c6! would win.} Rd7 $2 (26... Ke8 27. Qg8+ Qf8 28. Qxh7 (28. Qd5 Qe7 $18) 28... Qf7) 27. c6 Rxd1+ 28. Qxd1 {[%emt 0:00:03][%mdl 4096] Endgame Threatens to win with Bc5. KQB-KQB} Qc7 29. Bc5+ Kg8 30. Qd5+ Kh8 31. cxb7 {[%emt 0:01:03][%cal Od5d7] Intending Qd7! and mate.} h5 32. g3 h4 33. gxh4 Kh7 34. Bd6 Qc1+ 35. Kg2 Qf4 36. b8=Q Qg4+ 37. Kh1 Qh3 38. Qdg8+ Kh6 {[%emt 0:00:10] [#]} 39. Qh8+ $3 {[%emt 0:00:04] Weighted Error Value: White=0.15 (very precise) /Black=0.58} 1-0

[Event "26th Hit Open-A 2022"]
[Site "Nova Gorica"]
[Date "2022.09.20"]
[Round "7.27"]
[White "Rozman, Monika"]
[Black "Lohia, Sohum"]
[Result "1/2-1/2"]
[ECO "C54"]
[WhiteElo "2111"]
[BlackElo "2185"]
[Annotator "TA"]
[PlyCount "115"]
[EventDate "2022.09.16"]
[EventType "swiss"]
[EventCountry "SLO"]
[SourceTitle "playchess.com"]
[Source "ChessBase"]
[SourceQuality "1"]
[TimeControl "5400+30"]

1. e4 e5 2. Nf3 Nc6 3. Bc4 Nf6 4. d3 Bc5 5. c3 a5 6. O-O {[%emt 0:00:13] Black should prevent d4. C54: Giuoco Piano: 4 c3 Nf6, main lines with 5 d4 and 5 d3.} d6 7. Re1 O-O 8. h3 h6 9. Nbd2 Re8 10. Nf1 Be6 11. Bb5 Bd7 12. Ng3 Ne7 13. Bxd7 Qxd7 {[%emt 0:00:36] [#]} 14. Nh4 $146 ({Predecessor:} 14. d4 exd4 15. cxd4 Bb6 16. Nh4 a4 17. Qd3 Rad8 18. Bd2 d5 19. e5 Ne4 20. Nh5 {0-1 (43) Duda,J (2737)-Grischuk,A (2766) Chess.com INT 2018}) 14... Ng6 15. Nhf5 Kh7 (15... d5 $1 $11 {keeps the balance.}) 16. Qf3 ({Better is} 16. Nh5 $16 {Strongly threatening Nxf6+.} Nxh5 17. Qxh5) 16... Qe6 (16... d5 $11) 17. d4 $16 exd4 18. cxd4 Bb4 19. Re2 {[%emt 0:00:27] aiming for a3.} d5 20. e5 Ng8 21. Qd3 Qa6 22. Qe3 {[%emt 0:13:16] White is more active.} c5 23. f4 ({Of course not} 23. dxc5 Rxe5 24. Qd4 Bxc5 25. Qxc5 Rxe2 26. Nxe2 Qxe2 $11) (23. a3 $5 cxd4 24. Qxd4 $14) 23... cxd4 24. Qxd4 Qc4 {[%emt 0:01:03] White must now prevent ...Bc5.} 25. Qxc4 (25. Qd1 {with more complications.} N8e7 26. Rc2 Bc5+ 27. Kh2) 25... dxc4 26. Nh5 Bf8 27. Rc2 Nxe5 28. fxe5 {[%emt 0:03:22] Nhg3 is the strong threat.} g6 29. Nhg3 gxf5 30. Bf4 Rac8 31. Nxf5 Rc6 32. a4 Bc5+ 33. Kh1 Ne7 34. Nd6 Bxd6 35. exd6 Nd5 36. Bg3 f5 $2 {[%emt 0:02:31] [#]} (36... Kg6 $16) 37. Rd1 $2 (37. Re2 $1 $18 Rd8 (37... Rg8 38. Bh4) 38. Rd1) 37... Nf6 (37... f4 $16 38. d7 (38. Rxd5 fxg3 39. Rc1 Rd8 $11) 38... Rd8) 38. Bh4 $2 (38. d7 $18 {is more deadly.} Rd8 39. Rcd2) 38... Kg6 $2 (38... Nd7 $16 {might work better.}) 39. Rf2 $2 (39. d7 $18 {and the rest is easy. Hoping for Bxf6.} Rd8 40. Rd4) 39... Rd8 (39... Ne4 $2 {[#]} 40. Rfd2 $1 Nf6 41. d7 $18) 40. Bxf6 Kxf6 {[%emt 0:00:01][%mdl 4096] Endgame KRR-KRR} 41. Rd5 Rdxd6 42. Rxa5 Ra6 (42... Kg7 $16) 43. Raxf5+ $18 ({Don't take} 43. Rfxf5+ $6 Kg6 $14) 43... Kg6 44. a5 ({White should play} 44. R5f4 $16) 44... b6 $1 $14 45. axb6 Raxb6 46. Rc5 Rdc6 47. Rxc6+ Rxc6 {[%emt 0:00:00] KR-KR. The position is equal.} 48. Kh2 Rb6 49. Kg3 Rb3+ 50. Kh4 c3 51. bxc3 Rxc3 52. Rf3 Rc4+ 53. g4 h5 54. Ra3 {[%emt 0:00:05] Threatens to win with Ra6+.} hxg4 55. Ra6+ Kf5 56. Ra5+ Kg6 57. hxg4 Rc6 58. Rb5 {[%emt 0:00:12] Black defended with fortune.  Weighted Error Value: White=0.22 (precise) /Black=0.26 (precise)} 1/2-1/2

[Event "26th Hit Open-A 2022"]
[Site "Nova Gorica"]
[Date "2022.09.20"]
[Round "7.28"]
[White "Gregoric, Andraz"]
[Black "Oestmann, Lukas"]
[Result "1-0"]
[ECO "B20"]
[WhiteElo "2182"]
[BlackElo "1620"]
[Annotator "TA"]
[PlyCount "87"]
[EventDate "2022.09.16"]
[EventType "swiss"]
[EventCountry "SLO"]
[SourceTitle "playchess.com"]
[Source "ChessBase"]
[SourceQuality "1"]
[TimeControl "5400+30"]

1. e4 c5 2. b3 e5 3. Bb2 d6 4. Bc4 Nf6 5. d3 Be7 6. f4 {[%emt 0:01:14] [#] B20: Sicilian: Unusual White 2nd moves.} Nbd7 $146 (6... exf4 $142 7. Nc3 Ng4) ({Predecessor:} 6... exf4 7. Qf3 Nc6 8. Qxf4 O-O 9. Nf3 a6 10. a4 Nb4 11. Qd2 d5 12. exd5 Nbxd5 {½-½ (26) Phadke,S (2247)-Patil,P (2197) Kolkata 2012}) 7. Nf3 exf4 {[%emt 0:03:57] Black wants to play ...Ng4.} 8. O-O (8. Qd2 $11) 8... O-O (8... Ng4 $17 9. Qc1 (9. Bxg7 $2 Rg8 $19) 9... Ne3) 9. Qd2 $11 Nb6 10. Qxf4 d5 11. exd5 Nbxd5 12. Qd2 Ng4 13. Bxd5 Qxd5 14. Nc3 Qh5 15. h3 Nh6 16. Ne4 $40 {[%emt 0:05:52][%mdl 128] White is up to no good.} f5 ({Black should try} 16... Bd7 $14) 17. Qc3 $16 {[%emt 0:02:41][%csl Gb2,LRc5,LRg7][%cal Rc3g7] White has more active pieces.} Qg6 {[%emt 0:03:46] [#]} 18. Ne5 $1 {[%emt 0:00:59] Pair of Knights!} Bf6 $2 (18... Qe6) 19. Nxf6+ $2 (19. Qc4+ Rf7 20. Nxg6 Bxb2 21. Nd6 Bxa1 22. Ne7+ Kf8 23. Nexc8 Bd4+ 24. Kh1 Rxc8 25. Nxc8) 19... Qxf6 $18 20. Qxc5 {[%emt 0:00:12][%cal Oe5d7] Nd7! is the strong threat.} Be6 {[%emt 0:04:09] Inhibits Nd7.} 21. c4 Nf7 22. Rae1 {[%emt 0:00:14][%cal Oe5d7] Threatens to win with Nd7!} Nxe5 23. Qxe5 Qxe5 24. Rxe5 Rae8 {[%emt 0:00:37] [#]} (24... Rfe8 $16 {might work better.} 25. d4 Bd7) 25. Ba3 $1 Bd7 26. Ra5 Rf6 27. Rxa7 Ra6 (27... Bc8 {was worth a try.} 28. d4 f4) 28. Rxa6 ({Much less strong is} 28. Rxb7 Bc8 29. Re7 Rxe7 30. Bxe7 Rxa2 $18) 28... bxa6 {[%emt 0:00:03][%mdl 4096] Endgame KRB-KRB} 29. Kf2 {[%emt 0:00:30] Against Re2+} g5 30. d4 f4 31. Rd1 Re3 (31... Kf7 $142 32. d5 Re3) 32. d5 Kf7 33. c5 Bb5 34. c6 Re2+ 35. Kg1 ({Not} 35. Kf3 Rxa2 36. c7 Rc2 $16) 35... Rxa2 36. Bc5 {[%emt 0:00:09] Strongly threatening c7.} Rc2 37. b4 {[%emt 0:00:39] And now c7 would win.} Re2 38. d6 {[%emt 0:01:59] Threatening mate with d7.} Bxc6 39. d7 Rxg2+ (39... Bxd7 $18 40. Rxd7+ Kf6 41. Rxh7 Ra2 42. Rh6+ Kf5) 40. Kf1 {[%emt 0:00:19] White mates.} f3 41. d8=Q Bb5+ {[%emt 0:00:14] [#]} 42. Rd3 $1 Rd2 (42... Rc2 43. Qf8+) 43. Qc7+ Kg6 44. Qb6+ {[%emt 0:00:17] Weighted Error Value: White=0.20 (precise) /Black=0.41} 1-0

[Event "26th Hit Open-A 2022"]
[Site "Nova Gorica"]
[Date "2022.09.20"]
[Round "7.29"]
[White "Centrih, Aleks"]
[Black "Herega, Nejc"]
[Result "0-1"]
[ECO "B51"]
[WhiteElo "2095"]
[BlackElo "2146"]
[Annotator "TA"]
[PlyCount "96"]
[EventDate "2022.09.16"]
[EventType "swiss"]
[EventCountry "SLO"]
[SourceTitle "playchess.com"]
[Source "ChessBase"]
[SourceQuality "1"]
[TimeControl "5400+30"]

1. e4 c5 2. Nf3 d6 3. Bb5+ Nc6 4. O-O Bd7 5. Re1 Nf6 6. c3 a6 7. Bf1 Bg4 8. d3 {[%emt 0:05:51] B51: Sicilian: Moscow Variation (3 Bb5+) without 3...Bd7.} Bxf3 9. Qxf3 g6 10. Be3 {[%emt 0:05:17] White is slightly better.} Bg7 11. Nd2 Nd7 12. Qe2 O-O {[%emt 0:01:12] [#]} 13. Nf3 $146 ({Predecessor:} 13. g3 e6 14. Nf3 Qb6 15. Red1 Nde5 16. Nxe5 Bxe5 17. Qd2 Bh8 18. d4 cxd4 19. cxd4 Qa5 20. Qxa5 Nxa5 21. Rac1 Rac8 22. b3 Nc6 23. a4 Na5 24. Rb1 Rb8 {½-½ (24) Katsman,M (2278)-Nyzhnyk,I (2341) Kiev 2007}) 13... Rc8 14. Qd2 Qa5 15. a4 Nde5 16. Nxe5 dxe5 17. f3 Qc7 18. Qf2 (18. Bxc5 Na5 19. Be3 Nb3 $15) 18... b6 {[%emt 0:04:23] [#]} 19. Rab1 ({White should try} 19. a5 $1 $16 ) 19... a5 20. Be2 e6 21. Bd1 Rcd8 22. Bc2 h6 23. Red1 Kh7 24. Bb3 Rd6 25. Bc4 f5 26. Qe2 Rfd8 27. Qc2 Bf6 28. Qc1 g5 29. g4 Ne7 30. b4 fxg4 (30... cxb4 $1 $14 31. cxb4 fxg4) 31. fxg4 {[%emt 0:00:05] Black must now prevent bxa5.} Ng6 32. bxc5 bxc5 33. Rb5 Nf4 {[%emt 0:01:26] [#] aiming for ...Ne2+.} 34. Qc2 {[%emt 0:02:24] Prevents Ne2+.} (34. Rd2 $142) 34... h5 35. Rdb1 Qf7 36. Bxc5 {[%emt 0:01:28] A strong pair of Bishops.} R6d7 37. Rb6 (37. Bb6 $14 Rc8 38. Rf1 (38. Rxa5 hxg4 39. Be3 Bd8 $11)) 37... hxg4 38. Qa2 $2 {[%emt 0:04:11] Now White is beyond hope.} (38. Be3 $15 Be7 39. Rf1) 38... Be7 $19 39. Bxe7 Rxe7 40. Rf1 $2 (40. Kh1 {was worth a try.}) 40... Rf8 41. Kh1 (41. d4 $142 Qh5 42. Rbb1 (42. Bxe6 $2 Nxe6 43. Rxf8 Nxf8 $19)) 41... Qh5 42. Qf2 Ref7 {[%emt 0:00:27][%cal Of4e2] ( -> ...Ne2!)} 43. Qg3 Ne2 {[%emt 0:00:45][%csl LRc3,LRf1,LRg3] Black mates.} 44. Rxf7+ Rxf7 45. Qg2 g3 46. Rb1 Rf2 ({Weaker is} 46... Nxc3 47. Re1 $17) 47. Bxe6 Qxh2+ 48. Qxh2+ Rxh2# {[%emt 0:00:05] Weighted Error Value: White=0.59/Black=0.17 (very precise)} 0-1

[Event "26th Hit Open-A 2022"]
[Site "Nova Gorica"]
[Date "2022.09.20"]
[Round "7.30"]
[White "Nyysti, Sampsa"]
[Black "Vah, Denis"]
[Result "1-0"]
[ECO "C11"]
[WhiteElo "2363"]
[BlackElo "1988"]
[Annotator "ChessBase"]
[PlyCount "99"]
[EventDate "2022.09.16"]
[EventType "swiss"]
[EventCountry "SLO"]
[SourceTitle "playchess.com"]
[Source "ChessBase"]
[SourceQuality "1"]
[TimeControl "5400+30"]

1. e4 e6 2. d4 d5 3. Nc3 Nf6 4. e5 Nfd7 5. f4 c5 6. Nf3 Nc6 7. Be3 cxd4 8. Nxd4 Bc5 9. Qd2 O-O 10. O-O-O a6 11. Nb3 Bb4 12. Bd3 b5 13. g4 Bb7 14. Rhg1 Na5 15. Rg3 Nc4 16. Qe1 Nxe3 17. Rxe3 Nc5 18. Nxc5 Bxc5 19. Rh3 g6 20. g5 Kg7 21. Ne2 Rh8 22. Kb1 Qb6 23. Rh6 Kg8 24. h4 Bf8 25. h5 Bxh6 26. gxh6 Qd8 27. Qg3 Qf8 28. Qg5 Qd8 29. Qg4 Qf8 30. Ng3 Qxh6 31. Rh1 Qf8 32. f5 exf5 33. Bxf5 Bc8 34. Rf1 Bxf5 35. Nxf5 Re8 36. Qf4 h6 37. Nd6 g5 38. Qd4 Qe7 39. Qxd5 Qe6 40. Nxe8 Qxe8 41. Rf6 Kg7 42. a3 Qe7 43. Rxa6 Re8 44. e6 Rd8 45. Qe5+ f6 46. Qf5 Kg8 47. Qg6+ Qg7 48. e7 Rd1+ 49. Ka2 Qxg6 50. hxg6 1-0

[Event "26th Hit Open-A 2022"]
[Site "Nova Gorica"]
[Date "2022.09.20"]
[Round "7.32"]
[White "Pirs, Matjaz"]
[Black "Leitner, Gerald"]
[Result "1-0"]
[ECO "B27"]
[WhiteElo "2203"]
[BlackElo "2181"]
[Annotator "TA"]
[PlyCount "85"]
[EventDate "2022.09.16"]
[EventType "swiss"]
[EventCountry "SLO"]
[SourceTitle "playchess.com"]
[Source "ChessBase"]
[SourceQuality "1"]
[TimeControl "5400+30"]

1. e4 c5 2. Nf3 b6 3. d4 cxd4 4. Nxd4 Bb7 5. Bd3 e5 6. Nf3 {[%emt 0:17:24] B27: Sicilian: 2 Nf3, unusual Black 2nd moves.} Nf6 (6... Nc6 $14) 7. O-O (7. Nxe5 $16 Nc6 8. Nxc6 Bxc6 9. O-O) 7... d6 8. Re1 {[%emt 0:02:00] [#] White is slightly better.} Nbd7 $146 ({Predecessor:} 8... Be7 9. Nc3 O-O 10. a3 Nbd7 11. b4 a6 12. Bb2 b5 13. Qe2 Nb6 14. h3 Nh5 {1-0 (76) Aguilera Suarez,A (1800)-Diaz Mendoza,E (1542) Gran Canaria 2015}) 9. c4 Be7 10. Nc3 O-O 11. h3 Rc8 12. Qe2 Nc5 13. b3 a6 14. Bb2 Nh5 15. Bc1 g6 16. Nd5 Bf6 17. g3 Bg7 18. Be3 h6 (18... f5 $11 19. Bxc5 bxc5) 19. Bc2 Nf6 20. b4 Nxd5 (20... Bxd5 $11 21. exd5 Nce4) 21. cxd5 $16 Nd7 22. Nh4 {[%emt 0:01:35] Against f5} Kh7 23. Bd3 $36 {[%emt 0:00:05][%mdl 2048] Black is under strong pressure.} a5 24. a3 Qe7 25. Qd2 axb4 26. axb4 Ra8 27. Rec1 {[%emt 0:01:25] aiming for Rxa8. White is more active.} Rxa1 28. Rxa1 Ra8 {[%emt 0:00:06] Prevents Ra7. A mistake that costs the game.} (28... Bxd5 $16 29. exd5 e4) 29. Rxa8 $18 Bxa8 30. Qa2 Qd8 (30... Bb7 31. Qa7 Bc8 32. Bxb6 Bf6) 31. Qa7 f5 32. exf5 Bxd5 33. fxg6+ Kg8 34. Nf5 {[%emt 0:00:50][%csl LRd6,LRh6] [#] And now Bb5 would win.} e4 (34... Be6 $18 35. Qb7 d5 36. Nxh6+ Bxh6) 35. Bb5 Be6 36. Bxd7 Bxd7 37. Nxh6+ (37. Qa2+ $142 Kh8 38. Nxg7 Qf6 39. Nh5 Qxg6 40. Bd4+ Kh7 41. Nf6+ Qxf6 42. Bxf6) 37... Bxh6 38. Bxh6 {[%emt 0:00:07] KQB-KQB} (38. Qa2+ $142 d5 39. Qxd5+ Be6 40. Qxe6+ Kh8 41. Bxh6 Qd1+ 42. Kh2 Qd8 43. Qe5+ Qf6 44. Qxf6+ Kg8 45. Qg7#) 38... d5 {[%emt 0:00:03] White is clearly winning.} 39. Qb7 Qe8 40. Qxd5+ Qe6 41. Qd4 {[%emt 0:04:39][%csl Gh6][%cal Rd4g7] [#]} Qxg6 42. Qxd7 Qxh6 43. Qg4+ {[%emt 0:00:32] Weighted Error Value: White=0.28 (precise) /Black=0.59} 1-0

[Event "26th Hit Open-A 2022"]
[Site "Nova Gorica"]
[Date "2022.09.20"]
[Round "7.33"]
[White "Vidmar, Klara"]
[Black "Acimovic, Sergej"]
[Result "1/2-1/2"]
[ECO "C54"]
[WhiteElo "1788"]
[BlackElo "2114"]
[Annotator "TA"]
[PlyCount "239"]
[EventDate "2022.09.16"]
[EventType "swiss"]
[EventCountry "SLO"]
[SourceTitle "playchess.com"]
[Source "ChessBase"]
[SourceQuality "1"]
[TimeControl "5400+30"]

1. e4 {[%emt 0:00:01] Fernandez,D} e5 2. Nf3 Nc6 3. Bc4 Bc5 4. c3 Nf6 5. d4 exd4 6. cxd4 Bb4+ 7. Bd2 Bxd2+ 8. Nbxd2 d5 9. exd5 Nxd5 10. Qb3 Na5 11. Qa4+ Nc6 12. Qb3 Nce7 13. O-O O-O 14. Rfe1 c6 15. Ne4 Nb6 {[%emt 0:09:11] C54: Giuoco Piano: 4 c3 Nf6, main lines with 5 d4 and 5 d3.} 16. Bd3 Ned5 {[%emt 0:05:07] [#]} 17. a4 $146 ({Predecessor (2):} 17. Nc5 Nf6 18. Rac1 Rb8 19. Qa3 a6 20. Qb3 Qc7 21. Ne4 Nfd5 22. Nc3 Qd6 23. Be4 {½-½ (36) Jones,G (2640)-Karjakin,S (2753) Wijk aan Zee 2018 CBM 183 [Fernandez,D]}) 17... Nf4 18. Bf1 Be6 19. Qa3 Bd5 20. a5 Bxe4 (20... Nd7 $11 {keeps the balance.}) 21. Rxe4 Nbd5 22. a6 bxa6 23. Ne5 Qf6 24. Qf3 {[%emt 0:05:18][%mdl 1024] White has strong compensation.} Ne6 25. Qg3 (25. Qe2 $5 ) 25... Nec7 26. Bd3 Rad8 {[%emt 0:05:05] Inhibits Nd7.} 27. Qh3 g6 (27... Qd6 $1 $11) 28. Nd7 $16 {[%emt 0:02:56] White is much more active.} Rxd7 29. Qxd7 Rd8 30. Qh3 (30. Qg4 $16) 30... Nb4 (30... Rb8 $14) 31. Bf1 Ne6 (31... Nc2 $16 32. Rd1 Ne6) 32. Qc3 $18 Ng5 33. Re5 Nd5 34. Qg3 Ne6 35. Rxa6 Nxd4 36. Re1 (36. Rxa7 Nf5 37. Rxf5 Qxf5 $11) 36... Nf4 37. h3 Rd5 38. Re4 Rf5 39. Qe3 Nde6 40. Rxc6 Qxb2 41. Rxf4 $2 Nxf4 $11 42. g4 Rf6 43. Rc8+ Kg7 44. Qe8 {[%emt 0:00:06] [#]} (44. Qxa7 $11 h5 45. Qe3) 44... Ne6 $1 $17 45. Qh8+ Kh6 46. Rc2 Qd4 (46... Qxc2 $17 47. Qxf6 Qc7) 47. Rd2 Qf4 48. Rc2 $2 {[%emt 0:01:50][%mdl 8192] [#]} (48. Ra2 $17) 48... a5 $2 (48... Nd4 $1 $19 {[%cal Rd4f3] and Black stays clearly on top. ( -> ...Nf3+)} 49. Bg2 (49. Qf8+ $2 Kg5 $19) 49... Nxc2 50. Qf8+ Kg5 51. Qc5+ Kh4 52. Qxc2 Qd4) 49. Bg2 Ng7 $2 (49... a4 $19 {Threatens to win with ...Qd4.} 50. Ra2 (50. h4 $2 Qxg4 51. Qxf6 Qd1+ 52. Bf1 Qxc2 $19) 50... Qc1+ 51. Kh2 Qc7+ 52. Kg1 Rf4) 50. Qd8 a4 {[%emt 0:00:32] With the idea ...Ne6.} 51. h4 $1 $132 {[%emt 0:00:20][%mdl 2048] White is fighting back} g5 (51... Qxg4 $2 52. Qxf6 Nf5 53. Qg5+ Qxg5 54. hxg5+ Kxg5 55. Ra2 $18) 52. hxg5+ Qxg5 53. Rc5 Ne6 54. Rxg5 Nxd8 $11 {[%emt 0:00:01][%mdl 4096] Endgame KRB-KRN} 55. Rh5+ Kg7 56. Be4 {[%emt 0:00:23] Inhibits Rg6.} Ra6 57. Rxh7+ Kg8 58. Rh1 Ne6 {[%emt 0:00:23] And now ...a3 would win.} ({Of course not} 58... a3 $6 59. Kg2 $17) 59. Kg2 a3 60. Ra1 $1 Ra4 ({Much weaker is} 60... a2 $6 61. Kf1 $17) 61. f3 Kg7 62. Kf2 Nc5 63. Bf5 Kf6 (63... a2 $5 64. Bc2 Ra3 $17) 64. Ke3 $1 {[%emt 0:00:22] The position is equal.} Ke5 65. Bc2 Rc4 {[%emt 0:01:24] aiming for ...Rc3+.} 66. f4+ Kd6 67. Kd2 Rd4+ 68. Ke3 Rc4 69. Kd2 Rxf4 {[%emt 0:00:01] Hoping for ...Rf3.} 70. Rxa3 Rxg4 71. Rf3 Rg2+ 72. Kc3 Ke7 73. Re3+ Kf6 74. Rf3+ Kg7 75. Rf5 Ne6 {[%emt 0:00:12][%cal Og2c2] White must now prevent ...Rxc2+!} 76. Be4 Rg4 77. Bd5 Kg6 78. Rf3 Nf4 79. Bc4 f5 80. Kd2 Kg5 81. Bf1 Rg1 82. Ke3 Ne6 83. Kf2 Rh1 84. Bh3 Ng7 85. Rg3+ Kf6 86. Kg2 Ra1 87. Rxg7 {[%emt 0:00:16] KRB-KR} Ra2+ 88. Kg1 Kxg7 89. Bxf5 {[%emt 0:00:02] KR-KB} Kf6 90. Bh7 Ke5 91. Bg8 Rb2 92. Kf1 Kd4 93. Be6 Ke3 {[%emt 0:00:08] ...Rf2+ is the strong threat.} 94. Bd5 Rd2 95. Bc6 Rf2+ 96. Kg1 Rc2 97. Bb7 Rb2 98. Bc6 Rb6 99. Bd5 Rb2 100. Bc6 Ke2 101. Kg2 Rb6 102. Be4 Ke3 103. Bd5 Rd6 104. Bb7 Rg6+ 105. Kf1 Rf6+ 106. Kg1 Rf7 107. Bd5 Rf2 108. Bc6 Rf6 109. Bd5 Kf4 110. Kg2 Kg4 111. Bb7 Rb6 112. Bd5 Rb2+ 113. Kf1 Kf4 114. Bc6 Kg3 115. Bd5 Rb5 116. Bc6 Rb6 117. Bd5 Rd6 118. Bb7 Re6 119. Bd5 Re5 120. Bc6 {[%emt 0:00:08] White happily takes the draw.  Weighted Error Value: White=0.32/Black=0.37} 1/2-1/2

[Event "26th Hit Open-A 2022"]
[Site "Nova Gorica"]
[Date "2022.09.20"]
[Round "7.34"]
[White "Goroshkova, Liudmila"]
[Black "Walker, Samuel A"]
[Result "1/2-1/2"]
[ECO "B33"]
[WhiteElo "1961"]
[BlackElo "2028"]
[Annotator "TA"]
[PlyCount "80"]
[EventDate "2022.09.16"]
[EventType "swiss"]
[EventCountry "SLO"]
[SourceTitle "playchess.com"]
[Source "ChessBase"]
[SourceQuality "1"]
[TimeControl "5400+30"]

1. Nf3 c5 2. e4 Nc6 3. d4 cxd4 4. Nxd4 Nf6 5. Nc3 e5 6. Ndb5 d6 7. Bg5 a6 8. Na3 b5 9. Nd5 Be7 10. Bxf6 Bxf6 11. c3 O-O 12. Nc2 Rb8 $1 {[%emt 0:00:26][%mdl 4] is recently more successful than 12...Bg5.} 13. Be2 Bg5 14. Nce3 Kh8 {[%emt 0:05:22] B33: Sicilian: Pelikan and Sveshnikov Variations.} 15. O-O g6 16. Qd3 a5 17. Rad1 Be6 18. Kh1 f5 19. f4 Bh6 20. exf5 gxf5 21. fxe5 Nxe5 22. Qd4 Bg7 23. Nf4 {[%emt 0:06:15][%csl LRd6,LRe6] [#] Pair of Knights!} Bxa2 $146 {[%emt 0:01:31][%cal Oe5c4] [#] Hoping for ...Nc4!} ({Predecessor:} 23... Bd7 24. Nh5 Qg5 25. Nxg7 Qxg7 26. Qxd6 Rbe8 27. Bf3 f4 28. Nd5 Re6 29. Qc5 Rh6 {1-0 (39) Bao,Q-Nguyen,H (2227) Dong Thap 2003}) 24. Nh5 $1 Be6 25. Qxd6 Qxd6 {[%emt 0:00:37] The position is equal.} 26. Rxd6 Bc4 27. Bxc4 ({But not} 27. Rxf5 Rxf5 28. Nxf5 Bf8 $15) 27... Nxc4 28. Nxc4 bxc4 29. Nxg7 Kxg7 $11 {[%emt 0:00:15][%mdl 4096] Endgame KRR-KRR} 30. Rf2 Rfd8 31. Rxd8 Rxd8 {[%emt 0:00:04] KR-KR} 32. h3 Kg6 33. Kh2 Kg5 34. h4+ Kg6 35. Rf4 Rd2 36. Rxc4 Rxb2 37. Rc5 a4 38. Ra5 Ra2 39. c4 a3 40. c5 Rc2 {[%emt 0:03:39] Weighted Error Value: White=0.06 (flawless) /Black=0.07 (flawless)} 1/2-1/2

[Event "26th Hit Open-A 2022"]
[Site "Nova Gorica"]
[Date "2022.09.20"]
[Round "7.35"]
[White "Fiolo, Costanza"]
[Black "Kepplinger, Lukas"]
[Result "0-1"]
[ECO "D00"]
[WhiteElo "1768"]
[BlackElo "1994"]
[Annotator "TA"]
[PlyCount "60"]
[EventDate "2022.09.16"]
[EventType "swiss"]
[EventCountry "SLO"]
[SourceTitle "playchess.com"]
[Source "ChessBase"]
[SourceQuality "1"]
[TimeControl "5400+30"]

1. d4 d5 2. Nc3 Nf6 3. Bf4 Bf5 4. f3 h5 5. e3 e6 {[%emt 0:04:23] [#]} 6. a3 $146 {[%emt 0:02:34] D00: 1 d4 d5: Unusual lines.} ({Predecessor:} 6. Bd3 Bxd3 7. cxd3 c6 8. Nge2 Nbd7 9. O-O Be7 10. Qb3 Qb6 11. Qc2 O-O 12. a3 {0-1 (60) Niemann,H (2465)-Gharibyan,M (2432) Chess.com INT 2020}) 6... a6 7. Bd3 Bxd3 8. Qxd3 {[%emt 0:01:05] The position is equal.} Bd6 9. Bg5 c5 10. Nge2 Nc6 11. e4 cxd4 12. Nxd4 dxe4 13. Nxc6 $1 exd3 14. Nxd8 Rxd8 15. cxd3 Be7 16. Rd1 Nd5 17. Bxe7 Kxe7 18. Nxd5+ Rxd5 $15 {[%emt 0:00:07][%mdl 4096] Endgame KRR-KRR} ({Much weaker is} 18... exd5 19. h4 $11) 19. Ke2 Rc8 20. Rd2 g5 {[%emt 0:03:10] Black is more active.} 21. d4 Rc4 22. Rhd1 b5 23. Ke3 b4 24. axb4 Rxb4 25. Ra1 a5 26. Rc1 Rb3+ 27. Rc3 Rdb5 28. Rxb3 Rxb3+ 29. Ke4 $2 {[%emt 0:02:47] [#]} (29. Kf2 $19) 29... f5+ 30. Ke5 Re3# {[%emt 0:00:04] Weighted Error Value: White=0.46/Black=0.07 (flawless)} 0-1

[Event "26th Hit Open-A 2022"]
[Site "Nova Gorica"]
[Date "2022.09.20"]
[Round "7.36"]
[White "Azinovic, Igor"]
[Black "Alexandrova, Angelina"]
[Result "1/2-1/2"]
[ECO "C01"]
[WhiteElo "1814"]
[BlackElo "1842"]
[Annotator "NA RC COMBH"]
[PlyCount "36"]
[EventDate "2022.09.16"]
[EventType "swiss"]
[EventCountry "SLO"]
[SourceTitle "playchess.com"]
[Source "ChessBase"]
[SourceQuality "1"]
[TimeControl "5400+30"]

1. e4 e6 2. d4 d5 3. exd5 exd5 4. c4 Nf6 5. Nc3 Bb4 6. Nf3 O-O 7. Be2 dxc4 8. O-O Bxc3 9. bxc3 Be6 10. Bg5 b5 11. Ne5 Bd5 12. Bf3 c6 13. a4 Qd6 14. Bxf6 Qxf6 15. Bxd5 cxd5 16. axb5 a5 17. bxa6 Rxa6 18. Qf3 Qxf3 1/2-1/2